 Dungeon Crawl Stone Soup version 0.31-a0-1591-g515db51633 (webtiles) character file.

Game seed: 7786671394119743195

1206 Laraso the Basher (level 8, 0/62 HPs)
             Began as an Armataur Delver on Jan 6, 2024.
             Was an Initiate of Cheibriados.
             Slain by an ogre
             ... wielding a +0 giant club
              (22 damage)
             ... on level 6 of the Dungeon.
             The game lasted 00:10:46 (5174 turns).

Laraso the Basher (Armataur Delver)                 Turns: 5174, Time: 00:10:48

Health: 0/62       AC: 17    Str: 18    XL:     8   Next: 21%
Magic:  0/8        EV:  7    Int: 14    God:    Cheibriados [......]
Gold:   258        SH:  0    Dex: 13    Spells: 7/7 levels left

rFire   + . .        a - +3 hammer (protect)
rCold   + . .        (no shield)
rNeg    . . .        j - +0 scale mail
rPois   +            x - +0 helmet
rElec   +            q - +2 cloak {Will+}
rCorr   +            (no gloves)
SInv    .            (no barding)
Will    +....        y - amulet of guardian spirit
Stlth   ++           (no ring)
HPRegen 0.30/turn    (no ring)
MPRegen 0.11/turn

%: guardian spirit, roll
@: mighty, resistant, weakened, under a protective aura, attractive, very slow
A: large, deformed body, tough skin 3, armoured tail, roll 2
a: Renounce Religion


You were on level 6 of the Dungeon.
You worshipped Cheibriados.
Cheibriados was noncommittal.
You visited 2 branches of the dungeon, and saw 7 of its levels.

You collected 258 gold pieces.

Inventory:

Hand Weapons
 a - a +3 hammer of protection (weapon)
Armour
 j - a +0 scale mail (worn)
 q - a +2 cloak of willpower (worn)
 x - a +0 helmet (worn)
Jewellery
 t - a ring of ice
 w - an amulet of faith
 y - an amulet of guardian spirit (around neck)
 D - an amulet of magic regeneration
Wands
 e - a wand of flame (42)
 g - a wand of digging (3)
 l - a wand of polymorph (5)
 B - a wand of iceblast (8)
Scrolls
 b - a scroll of blinking
 c - 3 scrolls of fog
 d - 2 scrolls of revelation
 o - a scroll of enchant weapon
 r - 2 scrolls of teleportation
 v - 3 scrolls of vulnerability
 z - a scroll of fear
 C - a scroll of identify
Potions
 f - 3 potions of brilliance
 i - a potion of berserk rage {unknown}
 k - a potion of mutation {unknown}
 m - a potion of resistance
 n - 3 potions of curing
 p - a potion of cancellation {unknown}
 s - a potion of might
 u - 2 potions of attraction
 A - a potion of lignification {unknown}


   Skills:
 - Level 2.6 Fighting
 * Level 9.2 Maces & Flails
 - Level 1.3 Dodging
 - Level 5.4 Stealth


You had 7 spell levels left.
You didn't know any spells.
Your spell library contained the following spells:

 Spells                   Type           Power      Damage    Failure   Level
 Iskenderun's Battlesphe  Conj           0%         2d6       100%        5
 Bombard                  Conj/Erth      0%         9d1       100%        6
 Spellforged Servitor     Conj/Summ      0%         N/A       100%        7


Dungeon Overview and Level Annotations

Branches:
Dungeon (6/15)             Temple (1/1) D:6

Altars:
Ashenzari
Cheibriados
Dithmenos
Elyvilon
Fedhas
Gozag
Hepliaklqana
Okawaru
Ru
Sif Muna
Trog
Uskayaw
Wu Jian
Yredelemnul
Zin


Innate Abilities, Weirdness & Mutations

Armour fits poorly on your strangely shaped body.
You have extremely tough skin. (AC +3)
You have a long armoured tail.
You regenerate magic and health when rolling toward enemies. (Rampage Regen)


Message History

Aiming: Polymorph
Press: ? - help, Shift-Dir - straight line, f - ogre
Aim: an ogre, wielding a +0 giant club (will become a hornet, a wyvern, or a centaur, chance to affect: 49%)
The ogre resists with some effort.
The gnoll bouda gazes fiercely through you!
You feel your attacks grow feeble.
Unknown command.
You barely miss the ogre. You tail-slap the ogre.
The ogre is moderately wounded.
The ogre hits you with a +0 giant club!
You hit the ogre.
Your weapon exudes an aura of protection.
The ogre is moderately wounded.
The gnoll hits you but does no damage.
The gnoll bouda barks out a call to the hunt!
The gnoll picks up the pace!
The ogre barely misses you.
It was a potion of resistance.
You feel protected. The gnoll barely misses you.
It was a potion of attraction.
You feel attractive to monsters.
The gnoll hits you from afar with a +0 halberd.
The ogre barely misses you.
The gnoll bouda gazes fiercely through you!
You feel as though you will be weak longer.
It was a potion of might.
You feel very mighty all of a sudden.
The gnoll hits you from afar with a +0 halberd!
The ogre closely misses you.
You completely miss the ogre.
The ogre is moderately wounded.
The gnoll barely misses you.
You thump the ogre!
Your weapon exudes an aura of protection.
Your tail-slap misses the ogre.
The ogre is severely wounded.
The gnoll barely misses you.
The ogre hits you with a +0 giant club!!
You die...

.........##..........##.#......#~
#.#.#.#.####.........##.##.....#~
..........#..........#......#..#≈
....#..........................#~
...........)..#............#...#~
>...#........##...).......####.##
......#...##.##.gg.O......####.##
....#.#####..###O##.........##...
......# ##.. #@##..........#...
#.#.#.#######....###.............
..........###....###...........#.
...........###.###...#.........#.
....#..#....##. ##)###..........
#########....######)##...........
##...#≈≈~≈#.#..##.......#
#...#≈~≈~####.###.##...#
##..'~≈~≈'.##.....##....


You could see an ogre, a gnoll bouda and a gnoll (swift).

Vanquished Creatures
  Grinder (D:3)
  Sigmund (D:2)
  An ogre (D:5)
  A phantom (D:5)
  A kobold brigand (D:5)
  2 scorpions
  A jelly (D:4)
  A howler monkey (D:4)
  A bombardier beetle (D:5)
  An orc priest (D:4)
  2 hounds
  Crazy Yiuf (D:3)
  An iguana (D:5)
  Terence (D:3)
  Robin (D:2)
  3 gnolls (D:6)
  8 adders
  A shadow imp (D:5)
  4 dart slugs
  2 ribbon worms (D:2)
  6 orcs
  4 endoplasms
  2 giant cockroaches
  12 goblins
  11 hobgoblins
  5 jackals
  14 kobolds
  5 ball pythons
  9 bats
  3 frilled lizards (D:1)
  5 rats
  A spectral hobgoblin (D:6)
112 creatures vanquished.

Notes
Turn   | Place    | Note
-------+----------+-------------------------------------------
     0 | D:5      | Laraso the Armataur Delver began the quest for the Orb.
     0 | D:5      | Reached XP level 1. HP: 18/18 MP: 1/1
    27 | D:4      | Reached skill level 2 in Maces & Flails
   102 | D:4      | Noticed a hound
   106 | D:4      | a hound changed into a howler monkey
   106 | D:4      | Noticed a howler monkey
   113 | D:4      | Killed a howler monkey
   114 | D:4      | Reached skill level 3 in Maces & Flails
   114 | D:4      | Reached XP level 2. HP: 15/25 MP: 2/2
   114 | D:4      | Reached XP level 3. HP: 18/30 MP: 3/3
   727 | D:2      | Reached skill level 4 in Maces & Flails
   727 | D:2      | Reached XP level 4. HP: 33/37 MP: 4/4
   961 | D:2      | Noticed Robin
  2030 | D:2      | Killed Robin
  2031 | D:2      | Reached XP level 5. HP: 10/42 MP: 5/5
  2309 | D:2      | Noticed Sigmund
  2324 | D:2      | Noticed Jessica
  2336 | D:2      | Killed Sigmund
  2337 | D:2      | Reached skill level 6 in Maces & Flails
  2337 | D:2      | Reached XP level 6. HP: 38/50 MP: 3/6
  2342 | D:2      | Jessica changed into Jessica the rat
  2342 | D:2      | Noticed Jessica
  2349 | D:2      | Killed Jessica the rat
  2662 | D:3      | Noticed Terence
  2667 | D:3      | Killed Terence
  2804 | D:3      | Identified the +1 robe of the Undertaker {-Tele rN+ Str+3
                  | Int+3}
  2854 | D:3      | Noticed Grinder
  2858 | D:3      | Paralysed by Grinder for 4 turns
  2866 | D:3      | Paralysed by Grinder for 5 turns
  2872 | D:3      | Killed Grinder
  2873 | D:3      | Reached skill level 7 in Maces & Flails
  2873 | D:3      | Gained mutation: You regenerate magic and health when
                  | rolling toward enemies. (Rampage Regen) [Armataur growth]
  2873 | D:3      | Reached XP level 7. HP: 20/56 MP: 1/7
  3271 | D:3      | Found a runed translucent door.
  3272 | D:3      | Noticed Crazy Yiuf
  3654 | D:3      | Killed Crazy Yiuf
  4239 | D:4      | Reached skill level 8 in Maces & Flails
  4331 | D:5      | Found a hide-covered altar of Uskayaw.
  4335 | D:5      | Noticed a +0 hand axe
  4336 | D:5      | Noticed a +0 hand axe
  4482 | D:5      | Reached XP level 8. HP: 62/62 MP: 8/8
  4791 | D:6      | Reached skill level 9 in Maces & Flails
  4814 | D:6      | Identified the +10 dagger "Topry" {flame, Dex+6}
  4818 | D:6      | Found a staircase to the Ecumenical Temple.
  4847 | Temple   | Entered the Ecumenical Temple
  5035 | Temple   | Became a worshipper of Cheibriados the Contemplative
  5115 | D:6      | Found a hazy altar of Hepliaklqana.
  5174 | D:6      | Slain by an ogre

Illustrated notes

Levels and vault maps discovered:
D:1:      dpeg_arrival_central, layout_rooms, serial_co_window_serial,
          co_window_paths_a, co_window_corner_a, co_window_paths_a,
          co_window_corner_a, co_window_corner_a, co_window_unsneaky_path_d,
          co_window_corner_cb, co_window_corner_b, glass_columns_c,
          glass_columns_a, glass_columns_b
D:2:      kennysheep_six_static_rooms, layout_basic, eino_tiny_chamber,
          uniq_jessica, uniq_robin, uniq_sigmund
D:3:      layout_basic, uniq_terence, uniq_crazy_yiuf_cottage, uniq_grinder
D:4:      layout_basic
D:5:      layout_cave_pools, dancing_weapons_uskayaw, uniq_pikel
D:6:      layout_cave_pools, nicolae_hepliaklqana_monster_ancestors,
          minmay_temple_entry_glass, chequers_serial_rivers_room_b,
          nicolae_grassy_gnolls
Temple:   nicolae_temple_figure_eight

Skill      XL: |  1  2  3  4  5  6  7  8 |
---------------+-------------------------+-----
Maces & Flails | 3 4 6 7 8 9 |  9.2
Fighting       | |  2.6
Dodging        | |  1.3
Stealth        | |  5.4

Action                     |  1- 3 |  4- 6 |  7- 9 || total
---------------------------+-------+-------+-------++-------
  Melee: Mace              |    62 |   151 |   173 ||   386
         Tailslap          |     6 |    16 |    21 ||    43
         Punch             |     1 |     1 |     1 ||     3
  Evoke: Wand              |     1 |     6 |     4 ||    11
    Use: Scroll            |       |     1 |     8 ||     9
         Potion            |       |     4 |     4 ||     8
   Stab: Sleeping          |     1 |     7 |       ||     8
         Distracted        |       |     1 |       ||     1
 Armour: Scale mail        |    59 |   147 |   175 ||   381
         Leather armour    |     2 |       |       ||     2
  Dodge: Dodged            |    28 |    46 |    56 ||   130

Table legend: (Time is in decaauts)
 A = Elapsed time spent in this place.
 B = Non-inter-level travel time spent in this place.
 C = Inter-level travel time spent in this place.
 D = Time resting spent in this place.
 E = Time spent auto-exploring this place.
 F = Levels seen in this place.
 G = Mean time per level.
                   A        B        C        D        E       F      G
               +--------+--------+--------+--------+--------+-----+--------+
         Total |   5235 |   4997 |    238 |    534 |   3109 |   7 |  747.9 |
       Dungeon |   5021 |   4828 |    193 |    534 |   2943 |   6 |  836.8 |
        Temple |    214 |    169 |     45 |      0 |    166 |   1 |  214.0 |
               +--------+--------+--------+--------+--------+-----+--------+

Top non-repeatable levels by time:
     D:3: 1420 daAuts
     D:2: 1070 daAuts
     D:1: 983 daAuts
     D:4: 659 daAuts
     D:5: 622 daAuts
     D:6: 265 daAuts
  Temple: 214 daAuts
